 Dungeon Crawl Stone Soup version 0.29.1-2-gbd0b4ee654 (webtiles) character file.

Game seed: 17821180835894730245

55 Lutefisk the Insei (level 3, -12/25 HPs)
             Began as an Octopode Transmuter on Oct 29, 2022.
             Mangled by an iguana (13 damage)
             ... on level 4 of the Dungeon.
             The game lasted 00:06:45 (1311 turns).

Lutefisk the Insei (Octopode Transmuter)            Turns: 1311, Time: 00:06:46

Health: -12/25     AC:  1    Str:  9    XL:     3   Next: 93%
Magic:  5/6        EV: 13    Int: 15    God:
Gold:   147        SH:  0    Dex: 14    Spells: 0/6 levels left

rFire   . . .      SeeInvis .     - Unarmed
rCold   . . .      Faith    .   (no shield)
rNeg    . . .      Spirit   .   (helmet currently unavailable)
rPois   .          Reflect  .   d - amulet of the acrobat
rElec   .          Harm     .   (no ring)
rCorr   .          Rampage  .   (no ring)
Will    .....                   (no ring)
Stlth   ++........              (no ring)
HPRegen 0.08/turn               (no ring)
MPRegen 0.10/turn               (no ring)
                                (no ring)
                                (no ring)

@: appendages, hasted, unable to read, very quick
A: tentacle spike 3, almost no armour, amphibious, 8 rings, camouflage 1,
gelatinous body 1, (nimble swimmer 1), tentacles, antennae 1, inability to read
after injury 1
a: End Transformation


You were on level 4 of the Dungeon.
One of your tentacles had grown a beastly spike.
You visited 1 branch of the dungeon, and saw 4 of its levels.

You collected 147 gold pieces.

Inventory:

Missiles
 h - 9 poisoned darts
Jewellery
 d - an amulet of the acrobat (around mantle)
 n - an amulet of guardian spirit
Scrolls
 c - a scroll of fear {unknown}
 f - 3 scrolls of identify {unknown}
 i - 2 scrolls of amnesia {unknown}
 l - a scroll of teleportation {unknown}
 m - a scroll of enchant weapon {unknown}
 o - a scroll of acquirement {unknown}
Potions
 a - a potion of lignification
 b - a potion of haste
 e - a potion of mutation
 g - a potion of curing {unknown}
 j - a potion of degeneration {unknown}
 k - a potion of magic {unknown}
 p - a potion of heal wounds {unknown}


   Skills:
 * Level 2.5 Fighting
 - Level 2.0 Dodging
 * Level 3.9 Unarmed Combat
 - Level 2.0 Spellcasting
 - Level 2.0 Transmutations
 * Level 0.4 Poison Magic


You couldn't memorise any spells.
You knew the following spells:

 Your Spells              Type           Power      Damage    Failure   Level
a - Beastly Appendage     Tmut           14%        N/A       10%         1
b - Wereblood             Tmut           7%         N/A       14%         2
c - Spider Form           Tmut/Pois      5%         N/A       38%         3

Your spell library contained the following spells:

 Spells                   Type           Power      Damage    Failure   Level
 Foxfire                  Conj/Fire      4%         2x1d4     22%         1
 Magic Dart               Conj           4%         1d3       22%         1
 Call Imp                 Summ           1%         N/A       32%         2
 Scorch                   Fire           2%         2d5       32%         2
 Conjure Flame            Conj/Fire      1%         6-21      54%         3
 Inner Flame              Hex/Fire       1%         N/A       54%         3
 Mephitic Cloud           Conj/Pois/Air  1%         N/A       54%         3
 Ice Form                 Ice/Tmut       4%         N/A       82%         4
 Flame Wave               Conj/Fire      1%         2d4       91%         4
 Summon Cactus Giant      Summ           0%         N/A       100%        6


Dungeon Overview and Level Annotations

Branches:
Dungeon (4/15)
 Temple: D:4-7

Altars:
Sif Muna
The Shining One

Shops:
D:4 :?


Innate Abilities, Weirdness & Mutations

One of your tentacles has grown a beastly spike.
You cannot wear most types of armour.
You are amphibious.
You can wear up to eight rings at the same time.
Your skin changes colour to match your surroundings (Stealth+).
Your rubbery body absorbs attacks. (AC +1, EV +1)
((You are camouflaged when in or above water. (Stealth+)))
You have tentacles for arms and can constrict up to eight enemies at once.
You have a pair of small antennae on your head.
You occasionally lose the ability to read scrolls when taking damage.


Message History

The helpless ball python fails to defend itself.
You bludgeon the ball python!
You kill the ball python!
You open the door.
There is an open door here.
Found Tabrih's Magic Scroll Shoppe.
Found a book of Scorching.
There is an entrance to Tabrih's Magic Scroll Shoppe here.
There is an entrance to Tabrih's Magic Scroll Shoppe here.
Okay, then.
You pick up a book of Scorching and begin reading...
You add the spells Scorch and Summon Cactus Giant to your library.
You open the door.
There is an open door here.
An iguana comes into view.
The iguana hisses angrily.
You hear a shout!
Casting: Beastly Appendage (safe; 10% risk of failure)
Confirm with . or Enter, or press ? or * to list all spells.
One of your tentacles grows a vicious spike.
An orc comes into view. It is wielding a +0 whip.
You barely miss the iguana. Your grab misses the iguana.
An orc comes into view. It is wielding a +0 mace.
The iguana bites you!
Ouch! That really hurt!
The orc shouts!
You tentacle-slap the iguana but do no damage.
Your grab misses the iguana.
Your tentacle spike misses the iguana.
Your squeeze misses the iguana. The iguana bites you!
* * * LOW HITPOINT WARNING * * *
Unknown command.
Okay, then.
It was a potion of mutation.
You feel extremely strange.
You occasionally lose the ability to read scrolls when taking damage.
A pair of antennae grows on your head!
An orc comes into view. It is wielding a +0 short sword.
The iguana barely misses you.
It was a potion of haste.
You feel yourself speed up. The iguana bites you!
You feel threatened and lose the ability to read scrolls!
Ouch! That really hurt!
You die...

#####...#
..###...##########
.........#.......#
.........#.......+
.........'.......# ..
######...##......# ..#
..####...##......###...#
....#...................
....#...........@l..o...
....#....∩.......o......
....#...................
....#...................
#...###..##..##...###...
###'###..##..##...# ##
..............#....
..............#.....
..............#.....#


You could see an iguana and 2 orcs.

Vanquished Creatures
  An adder (D:2)
  A dart slug (D:1)
  4 bats
  7 endoplasms
  4 giant cockroaches
  3 goblins
  2 hobgoblins
  4 kobolds
  4 quokkas
  4 ball pythons
  A frilled lizard (D:1)
  A rat (D:1)
36 creatures vanquished.

Notes
Turn   | Place    | Note
-------+----------+-------------------------------------------
     0 | D:1      | Lutefisk the Octopode Transmuter began the quest for the
                  | Orb.
     0 | D:1      | Reached XP level 1. HP: 13/13 MP: 3/3
   282 | D:2      | Found a glowing golden altar of the Shining One.
   292 | D:2      | Reached XP level 2. HP: 14/18 MP: 5/5
   391 | D:1      | Reached XP level 3. HP: 22/24 MP: 6/6
   747 | D:2      | Found a faded altar of an unknown god.
   796 | D:2      | Learned a level 2 spell: Wereblood
   800 | D:2      | Learned a level 3 spell: Spider Form
  1161 | D:3      | Found a shimmering blue altar of Sif Muna.
  1165 | D:3      | Noticed an ice beast
  1231 | D:4      | Found Ozet's Book Emporium.
  1283 | D:4      | Found Tabrih's Magic Scroll Shoppe.
  1309 | D:4      | HP: 1/25 [iguana (11)]
  1310 | D:4      | Gained mutation: You occasionally lose the ability to read
                  | scrolls when taking damage. [potion of mutation]
  1310 | D:4      | Gained mutation: You have a pair of small antennae on your
                  | head. [potion of mutation]
  1311 | D:4      | Mangled by an iguana

Illustrated notes

Levels and vault maps discovered:
D:1:      dpeg_arrival_rooms_c, layout_rooms, minivault_24
D:2:      layout_basic, basic_altar, shapermc_ecumenical_altar_venn
D:3:      layout_loops_ring, mainiacjoe_overflow_chevrons
D:4:      layout_gridville, serial_shops, kennysheep_mini_moat, kennysheep_mini,
          shop

Skill      XL: |  1  2 |
---------------+-------+-----
Fighting       | 2 |  2.5
Dodging        | |  2.0
Unarmed Combat | |  3.9
Spellcasting   | |  2.0
Transmutations | |  2.0
Poison Magic   | |  0.4

Action                   || total
-------------------------++-------
Melee: Unarmed           ||    84
       Constrict         ||    20
       Kick              ||     9
       Tentacles         ||    18
       Punch             ||     3
 Cast: Beastly Appendage ||     7
  Use: Potion            ||     2
 Stab: Sleeping          ||     7
Armor: Skin              ||     8
Dodge: Dodged            ||    43
